 Dungeon Crawl Stone Soup version 0.28.0-53-g5a82cb258f (webtiles) character file.

Game seed: 8529218482751567223

1311474 PanSaczeczos the Metallomancer (level 27, 187/187 (188) HPs)
             Began as a Gargoyle Summoner on June 5, 2022.
             Was the Champion of Vehumet.
             Escaped with the Orb
             ... and 3 runes!
             The game lasted 04:01:54 (128258 turns).

PanSaczeczos the Metallomancer (GrSu)             Turns: 128258, Time: 04:01:55

HP:   187/187 (188) AC: 44    Str: 18    XL:     27
MP:   30/40         EV: 10    Int: 35    God:    Vehumet [******]
Gold: 5482          SH: 17    Dex: 10    Spells: 1/62 levels left

rFire   + + .      SeeInvis +   d - staff of earth
rCold   + . .      Faith    .   v - +5 kite shield {AC+3}
rNeg    + . .      Spirit   +   r - +5 ring mail {Will+}
rPois   ∞          Reflect  .   o - +0 helmet
rElec   +          Harm     .   I - scarf {rC+ rF+}
rCorr   .          Rampage  .   i - +2 pair of gloves
Will    +++..                   K - +2 pair of boots {Stlth+}
Stlth   +.........              M - amulet "Fuwy" {Spirit rF+ Str+3 SInv}
HPRegen 0.41/turn               A - ring of wizardry
MPRegen 0.27/turn               X - +6 ring of intelligence

@: flying, studying 2 skills, lightly drained
A: sickness immunity, AC +20, big wings, negative energy resistance 1,
electricity resistance, torment resistance 1, petrification resistance, clever
1, deformed body, deterioration 1, low MP 1, passive freeze, screaming 1,
subdued magic 1
0: Orb of Zot
}: 3/15 runes: barnacled, silver, gossamer
a: Renounce Religion


You escaped.
You worshipped Vehumet.
Vehumet was exalted by your worship.
You visited 11 branches of the dungeon, and saw 52 of its levels.
You visited the Abyss 1 time.
You also visited: Trove, Ossuary, Gauntlet, Ice Cave and Wizlab.

You collected 9937 gold pieces.
You spent 4455 gold pieces at shops.

Inventory:

Hand Weapons
 w - the +8 short sword of Animal Spirits {spect, rPois rF- rC+ Will+}
   (You took it off a deep elf demonologist on level 3 of the Elven Halls)

   When its wielder attacks, the weapon's spirit leaps out and strikes again.
   The spirit shares a part of any damage it takes with its wielder.
   rF:        It makes you vulnerable to fire.
   rC:        It protects you from cold.
   rPois:     It protects you from poison.
   Will:      It increases your willpower.
 W - the +5 war axe of Rubbish {vorpal, Str+3 Int+3}
   (You took it off a minotaur in a Gauntlet)

   It inflicts extra damage upon your enemies.
   Str:       It affects your strength (+3).
   Int:       It affects your intelligence (+3).
Missiles
 R - 7 throwing nets {!f}
Armour
 i - a +2 pair of gloves (worn)
 l - a +2 robe of willpower
 o - a +0 helmet (worn)
 r - a +5 ring mail of willpower (worn)
 v - a +5 kite shield of protection (worn)
 I - a scarf of resistance (worn)
 K - a +2 pair of boots of stealth (worn)
 V - a +1 cloak of preservation
Magical Staves
 a - a staff of conjuration
 d - a staff of earth (weapon)
 P - a staff of fire
Jewellery
 b - the ring of Charity {rC+ MP+9 Int+2}
   (You took it off a deep elf demonologist on level 3 of the Elven Halls)

   [ring of magical power]

   Int:       It affects your intelligence (+2).
   rC:        It protects you from cold.
   MP:        It affects your magic capacity (+9).
 A - a ring of wizardry (left hand)
 F - a ring of protection from fire
 M - the amulet "Fuwy" (around neck) {Spirit rF+ Str+3 SInv}
   (You found it on level 5 of the Vaults)

   [amulet of guardian spirit]

   It causes incoming damage to be divided between your reserves of health and
   magic.
   Str:       It affects your strength (+3).
   rF:        It protects you from fire.
   SInv:      It lets you see invisible.
 X - a +6 ring of intelligence (right hand)
Wands
 e - a wand of charming (4)
 t - a wand of digging (15)
 z - a wand of mindburst (17)
 B - a wand of iceblast (32)
 C - a wand of flame (84)
 H - a wand of polymorph (14)
 T - a wand of acid (24)
 Z - a wand of paralysis (21)
Scrolls
 c - 4 scrolls of fear
 h - 5 scrolls of summoning
 m - 3 scrolls of holy word
 n - a scroll of enchant armour
 s - 4 scrolls of blinking {@r4}
 y - 17 scrolls of teleportation {@r3}
 E - 2 scrolls of silence
 U - 10 scrolls of fog
Potions
 g - 16 potions of curing {@q1}
 k - 12 potions of mutation
 q - 2 potions of berserk rage
 u - 6 potions of might {@q3}
 x - 10 potions of lignification
 D - 8 potions of heal wounds
 J - 4 potions of haste
 N - 8 potions of ambrosia
 O - 5 potions of brilliance
 Q - 3 potions of cancellation
 S - 6 potions of resistance
 Y - 2 potions of invisibility
Miscellaneous
 j - a condenser vane
 G - a lightning rod (4/4)


   Skills:
 + Level 23.4 Fighting
 - Level 16.0 Armour
 - Level 1.5 Dodging
 - Level 2.1 Stealth
 - Level 15.0 Shields
 - Level 18.0 Spellcasting
 + Level 17.1 Conjurations
 + Level 17.3 Summonings
 - Level 6.0 Necromancy
 - Level 8.0 Transmutations
 - Level 4.0 Fire Magic
 - Level 8.0 Ice Magic
 - Level 8.0 Air Magic
 + Level 25.1 Earth Magic
 - Level 10.0 Poison Magic
 - Level 4.0 Evocations


You had one spell level left.
You knew the following spells:

 Your Spells              Type           Power      Damage    Failure   Level
b - Spellforged Servitor  Conj/Summ      43%        N/A       1%          7
c - Iskenderun's Mystic   Conj/Tloc      63%        2d13      1%          4
e - Summon Horrible Thin  Summ           43%        N/A       5%          8
f - Borgnjor's Vile Clut  Necr/Erth      52%        N/A       1%          5
g - Ignite Poison         Fire/Tmut/Pois 59%        N/A       1%          3
h - Olgreb's Toxic Radia  Pois           67%        N/A       1%          4
i - Freezing Cloud        Conj/Ice/Air   35%        6-21      1%          5
j - Irradiate             Conj/Tmut      37%        3d25      1%          5
l - Lee's Rapid Deconstr  Erth           63%        3d30*     0%          5
s - Shatter               Erth           63%        3d47*     1%          9
z - Iron Shot             Conj/Erth      59%        9d11      1%          6

Your spell library contained the following spells:

 Spells                   Type           Power      Damage    Failure   Level
 Maxwell's Capacitive Co  Air            30%        ∞         50%         8
 Chain Lightning          Conj/Air       37%        3d50      77%         9
 Foxfire                  Conj/Fire      100%       2x1d9     0%          1
 Magic Dart               Conj           100%       1d8       0%          1
 Sandblast                Erth           100%       2d20      0%          1
 Shock                    Conj/Air       100%       1d9       0%          1
 Summon Small Mammal      Summ           100%       N/A       0%          1
 Animate Skeleton         Necr           100%       N/A       1%          1
 Apportation              Tloc           48%        N/A       1%          1
 Pain                     Necr           100%       1d9       1%          1
 Sting                    Tmut/Pois      100%       1d8       1%          1
 Call Imp                 Summ           87%        N/A       0%          2
 Call Canine Familiar     Summ           87%        N/A       0%          3
 Animate Armour           Summ/Erth      100%       N/A       0%          4
 Petrify                  Tmut/Erth      100%       N/A       0%          4
 Blink                    Tloc           48%        N/A       1%          2
 Corpse Rot               Necr/Air       100%       N/A       1%          2
 Ensorcelled Hibernation  Hex/Ice        90%        N/A       1%          2
 Poisonous Vapours        Pois/Air       100%       N/A       1%          2
 Wereblood                Tmut           61%        N/A       1%          2
 Conjure Flame            Conj/Fire      69%        6-21      1%          3
 Dazzling Flash           Conj/Hex       100%       N/A       1%          3
 Frozen Ramparts          Ice            100%       1d12      1%          3
 Inner Flame              Hex/Fire       35%        N/A       1%          3
 Mephitic Cloud           Conj/Pois/Air  72%        N/A       1%          3
 Ozocubu's Armour         Ice            61%        N/A       1%          3
 Spider Form              Tmut/Pois      64%        N/A       1%          3
 Summon Guardian Golem    Hex/Summ       63%        N/A       1%          3
 Swiftness                Air            61%        N/A       1%          3
 Vampiric Draining        Necr           54%        2d9       1%          3
 Airstrike                Air            30%        N/A       1%          4
 Dispel Undead            Necr           54%        3d20      1%          4
 Flame Wave               Conj/Fire      69%        2d13      1%          4
 Fulminant Prism          Conj/Hex       31%        3d16      1%          4
 Hailstorm                Conj/Ice       75%        3d15      1%          4
 Ice Form                 Ice/Tmut       61%        N/A       1%          4
 Leda's Liquefaction      Hex/Erth       47%        N/A       1%          4
 Summon Ice Beast         Ice/Summ       75%        N/A       1%          4
 Summon Lightning Spire   Summ/Air       75%        N/A       1%          4
 Alistair's Intoxication  Tmut/Pois      42%        N/A       1%          5
 Blade Hands              Tmut           30%        N/A       1%          5
 Fireball                 Conj/Fire      34%        3d14      1%          5
 Summon Forest            Summ/Tloc      31%        N/A       1%          5
 Summon Mana Viper        Hex/Summ       63%        N/A       1%          5
 Eringya's Noxious Bog    Tmut/Pois      32%        N/A       1%          6
 Starburst                Conj/Fire      34%        6d10      1%          6
 Summon Cactus Giant      Summ           43%        N/A       1%          6
 Monstrous Menagerie      Summ           43%        N/A       1%          7
 Summon Hydra             Summ           43%        N/A       1%          7
 Lehudib's Crystal Spear  Conj/Erth      59%        10d14     1%          8
 Gell's Gravitas          Tloc           24%        N/A       2%          3
 Lesser Beckoning         Tloc           24%        N/A       2%          3
 Portal Projectile        Hex/Tloc       48%        N/A       2%          3
 Anguish                  Hex/Necr       20%        N/A       2%          4
 Excruciating Wounds      Necr           27%        N/A       2%          5
 Metabolic Englaciation   Hex/Ice        22%        N/A       5%          5
 Silence                  Hex/Air        22%        N/A       5%          5
 Haunt                    Necr/Summ      36%        N/A       7%          7
 Simulacrum               Ice/Necr       29%        N/A       9%          6
 Cause Fear               Hex            12%        N/A       10%         4
 Passage of Golubria      Tloc           24%        N/A       10%         4
 Death Channel            Necr           27%        N/A       13%         6
 Malign Gateway           Summ/Tloc      31%        N/A       24%         7
 Manifold Assault         Tloc           24%        N/A       26%         5
 Dragon Form              Tmut           30%        N/A       30%         7
 Dragon's Call            Summ           43%        N/A       61%         9
 Ignition                 Fire           22%        3d8       93%         8
 Fire Storm               Conj/Fire      34%        8d9       94%         9
 Necromutation            Tmut/Necr      29%        N/A       98%         8
 Borgnjor's Revivificati  Necr           27%        N/A       99%         8
 Discord                  Hex            12%        N/A       100%        8
 Death's Door             Necr           27%        N/A       100%        9
 Sublimation of Blood     Necr           Unusable   N/A       N/A         2
 Statue Form              Tmut/Erth      Unusable   N/A       N/A         6

Dungeon Overview and Level Annotations

Branches:
Dungeon (15/15)            Temple (1/1) D:4            Lair (6/6) D:9
 Shoals (4/4) Lair:4       Spider (4/4) Lair:2        Slime (0/5) Lair:6
    Orc (2/2) D:10            Elf (3/3) Orc:2        Vaults (5/5) D:13
  Crypt (3/3) Vaults:2       Tomb (0/3) Crypt:3      Depths (4/4) D:15
    Zot (5/5) Depths:4    Ossuary (visited)           IceCv (visited)
 WizLab (visited)         Gauntlet (visited)

Altars:
Ashenzari
Cheibriados
Dithmenos
Elyvilon
Fedhas
Gozag
Hepliaklqana
Kikubaaqudgha
Makhleb
Nemelex Xobeh
Okawaru
Qazlal
Ru
Sif Muna
Trog
Uskayaw
Vehumet
Wu Jian
Xom
Yredelemnul
Zin
The Shining One
Beogh
Lugonu

Shops:
Orc:2 [*(?   Elf:2 *   Elf:3 ((   Shoals:1 *   Vaults:2 ?   Vaults:4 ?
Vaults:5 [?(!!(   Depths:1 :=:

Portals:
Hell: Depths:1 Depths:2 Depths:3 Depths:4
Abyss: Lair:6 Depths:3
Pandemonium: Depths:2 Depths:4
Ziggurat: Depths:1

Annotations:
D:4 2 transporters
Lair:5 Nessos
Spider:1 exclusion: downstairs
Elf:2 3 runed translucent doors, exclusion: 3 doors


Innate Abilities, Weirdness & Mutations

You are immune to sickness and miasma.
Your stone body is resilient. (AC +20)
You are immune to poison.
Your large and strong wings let you fly.
You resist negative energy. (rN+)
You are resistant to electric shocks. (rElec)
You are resistant to unholy torment.
You are immune to petrification.
Your mind is acute. (Int +2)
Armour fits poorly on your strangely shaped body.
Your body sometimes deteriorates upon taking damage.
Your magical capacity is low. (-10% MP)
A frigid envelope surrounds you and freezes all who hurt you.
You occasionally shout uncontrollably at your foes.
Your spells are a little easier to cast, but a little less powerful.


Message History

Aiming: Dig
Press: ? - help, Shift-Dir - straight line A rock wall.
This square is covered in magical glow.
The rock shatters into small pieces.
Unknown command. 3 large abominations come into view.
Unknown command.
You block the large abomination's attack.
There is a staircase leading out of the dungeon here.
Casting: Iron Shot (safe; 1% risk of failure)
Confirm with . or Enter, or press ? or * to list all spells.
You feel a surge of power!
The dungeon rumbles!
The large abomination is severely damaged.
You destroy the large abomination!
Vehumet accepts your kill.
You feel your power returning.
You destroy the large abomination!
Vehumet accepts your kill.
You feel your power returning.
Ka-crash!
Unknown command.
Casting: Shatter (dangerous; 1% risk of failure)
Confirm with . or Enter, or press ? or * to list all spells.
You feel a surge of power!
The dungeon rumbles!
You destroy the large abomination!
Vehumet accepts your kill.
You feel your power returning.
Ka-crash!
Unknown command.
You start resting.
HP restored.
You start resting.
An Executioner comes into view.
Unknown command.
The Executioner gestures.
The Executioner seems to speed up.
You have escaped!

............###.####....##.#####
..............................#
##########...####.#.#...##..#####
.................................
........................#...#####
#####...####...##...#.......# #
#...# #....##...#.#.#...##### #
#...##.#........#............
#####......1....@...#.#.#...###.#
........................#...#.#.#
............##.##...#.#.#...#.#..
..#####...# #.# #.....#.#...#.#.#
..# #...# ## #...#.#.....#.#.#
..# #...# #...#............
..#####...#######...#.#.#........
......................#.#.#.....#
....................#...........#


You could see an Executioner (fast).

Vanquished Creatures
  3 dread liches
  An ancient lich (Zot:5)
  Khufu (Vaults:2)
  4 orbs of fire (Zot:5)
  2 juggernauts (Depths:4)
  Boris (twice) (Crypt:2 Vaults:5)
  5 Killer Klowns (Zot:5)
  Xtahua (Crypt:2)
  A curse toe (Crypt:2)
  The ghost of protoss039 the Warrior, an adept DsEE of Vehumet (Crypt:2)
  Nikola (Vaults:3)
  5 golden dragons
  A bone dragon (Crypt:3)
  A Tzitzimitl (D:1)
  Arachne (Spider:3)
  4 electric golems
  A Brimstone Fiend (Depths:2)
  4 liches
  A Hell Sentinel (D:7)
  A walking earthen tome (Depths:3)
  5 titans
  2 deep elf blademasters (Elf:3)
  27 Orb Guardians
  14 tentacled monstrosities
  3 quicksilver dragons
  An Executioner (Depths:2)
  3 deep elf master archers
  A kraken (Shoals:2)
  Gastronok (Lair:3)
  9 ancient champions
  9 death cobs
  14 shadow dragons
  6 sphinxes
  9 storm dragons
  10 draconian monks
  6 tengu reavers
  Agnes (D:14)
  3 revenants
  9 draconian knights
  9 fire giants
  8 deep elf sorcerers
  5 draconian scorchers
  12 frost giants
  2 iron dragons (Vaults:5)
  6 emperor scorpions
  6 ghost moths
  2 orc warlords
  23 vault wardens
  Louise (Spider:3)
  Aizul (Depths:2)
  A curse skull (Crypt:2)
  An angel (WizLab)
  8 draconian shifters
  7 draconian stormcallers
  A spriggan defender (Depths:4)
  6 ghouls
  5 draconian annihilators
  18 ironbound preservers
  17 very ugly things
  14 stone giants
  4 deep elf elementalists (Elf:3)
  3 broodmothers
  6 war gargoyles
  12 ironbound thunderhulks
  18 deep elf demonologists
  A caustic shrike skeleton (Crypt:2)
  8 vampire knights
  11 black draconians
  12 red draconians
  7 deep elf annihilators
  13 yellow draconians
  20 green draconians
  An entropy weaver (Vaults:2)
  5 dire elephants
  4 spark wasps
  A minotaur (Shoals:4)
  18 purple draconians
  13 white draconians
  4 eidola
  12 ettins
  3 crystal guardians
  5 deep elf death magi
  2 blizzard demons
  16 merfolk impalers
  6 merfolk javelineers
  4 green deaths
  7 fire dragons
  13 yaktaur captains
  11 great orbs of eyes
  5 deep elf high priests
  20 jiangshi
  8 boulder beetles
  32 vault guards
  3 ice dragons
  Fannar (D:12)
  A salamander tyrant (WizLab)
  11 ironbound frosthearts
  3 spriggan air magi
  9 peacekeepers
  10 hydras
  An ogre mage (D:15)
  2 jorogumos
  A merfolk aquamancer (Shoals:1)
  A radroach (Spider:1)
  10 two-headed ogres
  3 death knights
  An alligator snapping turtle (Lair:4)
  16 dancing weapons
  10 satyrs (Shoals:4)
  6 tengu warriors
  A merfolk avatar (Shoals:4)
  An alligator (shapeshifter) (Vaults:5)
  18 centaur warriors
  7 deep troll shamans
  8 deep troll earth magi
  4 orc high priests (Orc:2)
  12 vampire magi
  Nergalle (D:11)
  2 thrashing horrors
  3 soul eaters
  5 death yaks
  20 deep elf knights
  31 hell knights
  3 spriggan berserkers
  7 iron trolls
  27 skeletal warriors
  2 wretched stars (Abyss:3)
  A sixfirhy (Abyss:3)
  A titan skeleton (Crypt:1)
  4 shadow wraiths
  3 bunyip zombies (Crypt:3)
  2 pharaoh ants
  9 sea snakes
  5 steelbarb worms
  40 deep trolls
  An iron giant zombie (Crypt:3)
  5 glowing orange brains
  A steelbarb worm (shapeshifter) (D:15)
  10 orb spiders
  An orb spider (shapeshifter) (Vaults:5)
  7 flayed ghosts
  12 deep elf archers
  A golden dragon zombie (Crypt:1)
  A bog body (Crypt:2)
  10 orc knights
  14 lindwurms
  22 deep elf zephyrmancers
  8 necromancers
  10 wizards
  8 phantasmal warriors
  20 ironbound convokers
  A stone giant zombie (Crypt:2)
  A fire giant zombie (Crypt:3)
  11 harpies
  21 deep elf pyromancers
  An anaconda skeleton (Crypt:2)
  4 salamanders (WizLab)
  45 ugly things
  A wolf spider zombie (Crypt:2)
  5 orc sorcerers
  3 cyclopes
  17 wolf spiders
  A faun (shapeshifter) (Vaults:5)
  14 fauns
  A human zombie (Crypt:3)
  19 manticores
  23 moths of wrath
  16 merfolk sirens
  21 vault sentinels
  10 water nymphs
  4 molten gargoyles (WizLab)
  A stone giant skeleton (Crypt:1)
  Joseph (D:7)
  An orc zombie (Crypt:3)
  21 elephants
  A naga mage (Vaults:4)
  A torpor snail (Lair:6)
  6 cane toads
  5 smoke demons
  6 black mambas
  An orange demon (Depths:4)
  11 gargoyles
  A black draconian zombie (Crypt:1)
  An unseen horror (D:11)
  4 rime drakes
  10 komodo dragons
  26 yaktaurs
  9 demonic crawlers
  A naga skeleton (Crypt:3)
  A tengu conjurer (Depths:1)
  6 freezing wraiths
  2 grey draconian skeletons
  An anaconda simulacrum (IceCv)
  2 ancient zymes
  A death drake zombie (Crypt:1)
  9 meliai (Spider:4)
  A red devil (D:9)
  33 merfolk
  7 trolls
  4 hornets
  A queen bee (shapeshifter) (D:13)
  44 slime creatures
  2 polar bears (Lair:2)
  A guardian serpent zombie (Crypt:2)
  2 harpy skeletons (Crypt:1)
  6 snapping turtles
  5 wind drakes
  20 tarantellas
  An ettin zombie (Crypt:3)
  9 blink frogs
  3 dream sheep (Shoals:2)
  6 raiju (Abyss:3)
  A fire dragon zombie (Crypt:3)
  A centaur simulacrum (Crypt:3)
  21 jumping spiders
  2 ynoxinuls (Lair:6)
  3 air elementals
  18 culicivoras
  3 shadows
  5 spriggans
  15 water elementals
  7 wraiths
  3 wyverns
  4 vampires (Crypt:3)
  48 yaks
  2 humans (D:7)
  3 vampire mosquitoes
  2 steam dragons
  A basilisk (shapeshifter) (Lair:6)
  5 basilisks
  3 fire elementals
  5 chaos spawn
  A human (shapeshifter) (Lair:6)
  54 redbacks
  2 spatial vortices (Abyss:3)
  A warg (shapeshifter) (Vaults:5)
  Menkaure (D:6)
  A glowing shapeshifter zombie (Crypt:2)
  2 acid dragons
  A death yak simulacrum (IceCv)
  A warg (Orc:2)
  7 large abominations
  8 water moccasins
  A deep troll skeleton (Crypt:1)
  Duvessa (D:4)
  56 orc warriors
  An ice beast (D:5)
  A sky beast (D:5)
  A sky beast (shapeshifter) (Vaults:5)
  2 black bears
  A black bear (shapeshifter) (D:14)
  5 necrophages
  44 wolves
  A wolf (shapeshifter) (Vaults:5)
  5 boggarts
  20 ogres
  10 centaurs
  2 phantoms
  A kobold brigand (D:9)
  14 small abominations
  A bullfrog (shapeshifter) (Vaults:5)
  3 earth elementals
  3 scorpions
  A draconian skeleton (Crypt:1)
  11 bullfrogs
  A gnoll sergeant (Orc:2)
  A wyvern zombie (Ossuary)
  2 cane toad simulacra (IceCv)
  An elf skeleton (Crypt:1)
  A water moccasin zombie (Ossuary)
  A queen bee zombie (Crypt:3)
  A wyvern skeleton (Crypt:1)
  A cyclops skeleton (Crypt:2)
  A warg zombie (Crypt:1)
  An elephant simulacrum (IceCv)
  Dowan (D:4)
  5 wights (Abyss:3)
  3 electric eels
  7 howler monkeys
  A troll skeleton (Crypt:3)
  5 centaur zombies
  3 crimson imps (Gauntlet)
  3 jellies
  A wolf skeleton (Crypt:2)
  2 hounds
  8 bullfrog zombies
  A bullfrog skeleton (D:6)
  A gnoll shaman (D:6)
  A centaur skeleton (D:4)
  31 orc priests
  Ijyb (D:4)
  3 iguanas
  20 orc wizards
  5 hell rats (Lair:6)
  2 lightning spires (WizLab)
  A polar bear simulacrum (IceCv)
  A hound zombie (D:5)
  A hound skeleton (Crypt:3)
  A howler monkey zombie (Ossuary)
  14 mummies
  10 gnolls
  9 adders
  A shadow imp (D:7)
  6 white imps
  An adder skeleton (D:4)
  5 worms
  8 dart slugs
  118 orcs
  6 bats
  5 endoplasms
  2 giant cockroaches
  A giant cockroach (shapeshifter) (Vaults:5)
  15 goblins
  4 hobgoblins
  11 kobolds
  A quokka (D:4)
  7 ball pythons
  5 frilled lizards
  A giant cockroach zombie (Crypt:3)
  A hobgoblin skeleton (Crypt:1)
  A kobold zombie (Crypt:1)
  A quokka skeleton (D:4)
  8 rats
  3 tentacles (Shoals:2)
2341 creatures vanquished.

Vanquished Creatures (collateral kills)
  5 orbs of fire (Zot:5)
  Margery (Vaults:3)
  Asterion (Spider:3)
  2 emperor scorpions
  A ghoul (Crypt:2)
  An ironbound preserver (Vaults:4)
  A very ugly thing (Vaults:3)
  A war gargoyle (Vaults:4)
  A stone giant (Vaults:4)
  A minotaur (Gauntlet)
  A fire dragon (D:13)
  2 jiangshi
  A yaktaur captain (Vaults:4)
  2 vault guards (Vaults:4)
  A hydra (Lair:3)
  A peacekeeper (Vaults:4)
  An ironbound frostheart (Vaults:4)
  A deep troll earth mage (Depths:1)
  A death yak (Lair:3)
  A thrashing horror (Lair:6)
  2 hell knights (Vaults:4)
  3 skeletal warriors (Crypt:2)
  An iron troll (Depths:1)
  2 deep trolls (Depths:1)
  A lindwurm (Vaults:2)
  A glowing orange brain (Vaults:4)
  A deep elf pyromancer (Vaults:4)
  An ugly thing (Lair:6)
  2 worldbinders (Vaults:4)
  A black mamba (Lair:3)
  A tarantella (Spider:3)
  5 slime creatures
  A wraith (Crypt:2)
  3 humans
  2 basilisks
  2 water moccasins
  An ice beast (D:4)
  A black bear (D:9)
  A boggart (Vaults:4)
  A kobold brigand (D:7)
  2 wyvern zombies (Ossuary)
  2 jellies
  4 bullfrog zombies (Ossuary)
  3 hounds
  2 gnoll shamans
  2 orc priests
  4 mummies (Ossuary)
  2 orc wizards
  A hell rat (Lair:6)
  A killer bee zombie (Ossuary)
  A howler monkey zombie (Ossuary)
  13 gnolls
  2 adders
  7 white imps (Orc:1)
  An ufetubus (D:7)
  5 orcs
  3 endoplasms (D:2)
  4 jackals (D:2)
  4 kobolds
  A quokka (D:1)
  3 rats
127 creatures vanquished.

Vanquished Creatures (others)
  53 fungi
  72 plants
  6 starspawn tentacles (Abyss:3)
  A tentacle (Shoals:2)
  5 withered plants (Ossuary)
137 creatures vanquished.

Grand Total: 2605 creatures vanquished

Notes
Turn   | Place    | Note
-------+----------+-------------------------------------------
     0 | D:1      | PanSaczeczos the Gargoyle Summoner began the quest for the
                  | Orb.
     0 | D:1      | Reached XP level 1. HP: 10/10 MP: 3/3
    73 | D:1      | HP: 2/11 [hobgoblin (1)]
    76 | D:1      | Reached skill level 1 in Fighting
   426 | D:1      | Reached XP level 2. HP: 13/17 MP: 5/5
   429 | D:1      | Learned a level 2 spell: Call Imp
  1027 | D:1      | Reached XP level 3. HP: 15/21 MP: 2/6
  1423 | D:1      | Found a faded altar of an unknown god.
  1905 | D:1      | Learned a level 3 spell: Call Canine Familiar
  2043 | D:1      | HP: 4/21 [gnoll/+0 club (6)]
  2325 | D:2      | Reached XP level 4. HP: 26/26 MP: 4/8
  3341 | D:2      | Reached skill level 1 in Shields
  3341 | D:2      | Reached XP level 5. HP: 27/30 MP: 7/9
  4758 | D:3      | Reached skill level 5 in Summonings
  4928 | D:2      | Reached XP level 6. HP: 13/35 MP: 7/10
  5387 | D:3      | Learned a level 2 spell: Poisonous Vapours
  6274 | D:4      | Noticed an ice beast
  6274 | D:4      | Noticed a steam dragon
  6586 | D:4      | Identified the +11 spear of Vamoh {vorpal, rF+}
  6755 | D:4      | Killed a steam dragon
  6756 | D:4      | Reached skill level 1 in Poison Magic
  6756 | D:4      | Reached XP level 7. HP: 40/40 MP: 4/12
  6982 | D:4      | Reached skill level 1 in Air Magic
  7311 | D:4      | Noticed Duvessa
  7314 | D:4      | Noticed Dowan
  7457 | D:4      | Killed Duvessa
  7458 | D:4      | Reached XP level 8. HP: 35/48 MP: 6/13
  7463 | D:4      | Killed Dowan
  7718 | D:4      | Found a snail-covered altar of Cheibriados.
  7755 | D:4      | Found a staircase to the Ecumenical Temple.
  7805 | Temple   | Entered the Ecumenical Temple
  8088 | Temple   | Became a worshipper of Vehumet
  8171 | D:4      | Found a transporter.
  8187 | D:4      | Found a transporter.
  8688 | D:5      | Entered Level 5 of the Dungeon
  9427 | D:5      | Noticed Ijyb
  9440 | D:4      | Killed Ijyb
  9482 | D:5      | Learned a level 4 spell: Summon Lightning Spire
  9611 | D:5      | Reached XP level 9. HP: 50/52 MP: 11/15
  9999 | D:6      | Reached skill level 5 in Fighting
 10279 | D:6      | Reached * piety under Vehumet
 10279 | D:6      | Offered knowledge of Sandblast by Vehumet.
 10282 | D:6      | Learned a level 1 spell: Sandblast
 10389 | D:6      | Reached skill level 1 in Earth Magic
 10474 | D:6      | Reached skill level 5 in Spellcasting
 10592 | D:6      | Reached skill level 2 in Earth Magic
 10786 | D:6      | Noticed Menkaure
 10789 | D:6      | Killed Menkaure
 11095 | D:7      | Noticed Joseph
 11106 | D:7      | Killed Joseph
 11107 | D:7      | Reached skill level 3 in Earth Magic
 11200 | D:6      | Reached skill level 5 in Air Magic
 11472 | D:6      | Offered knowledge of Scorch by Vehumet.
 11602 | D:7      | Reached ** piety under Vehumet
 11607 | D:7      | Reached XP level 10. HP: 55/60 MP: 15/18
 11629 | D:7      | Reached skill level 4 in Earth Magic
 12128 | D:7      | Reached skill level 1 in Armour
 12413 | D:8      | Found a sand-covered staircase.
 12418 | Ossuary  | Entered an ossuary
 12476 | Ossuary  | Offered knowledge of Dazzling Flash by Vehumet.
 12606 | Ossuary  | Reached skill level 5 in Earth Magic
 12676 | Ossuary  | Reached *** piety under Vehumet
 13262 | Ossuary  | Offered knowledge of Ignite Poison by Vehumet.
 13268 | Ossuary  | Learned a level 3 spell: Ignite Poison
 14172 | D:9      | Noticed a two-headed ogre
 14172 | D:9      | You fall into a shaft and drop 1 floor!
 14172 | D:10     | Entered Level 10 of the Dungeon
 14301 | D:9      | Killed a two-headed ogre
 14302 | D:9      | Reached skill level 6 in Earth Magic
 14529 | D:9      | Reached XP level 11. HP: 39/67 MP: 20/20
 14841 | D:9      | Reached **** piety under Vehumet
 14848 | D:8      | Reached skill level 7 in Earth Magic
 14879 | D:8      | Learned a level 4 spell: Olgreb's Toxic Radiance
 15184 | D:9      | Found a staircase to the Lair.
 15430 | Lair:1   | Entered Level 1 of the Lair of Beasts
 15547 | Lair:1   | Reached skill level 1 in Fire Magic
 15549 | Lair:1   | Offered knowledge of Flame Wave by Vehumet.
 15550 | Lair:1   | Reached skill level 5 in Poison Magic
 15580 | Lair:1   | Found a gate leading to a gauntlet.
 15592 | Gauntlet | Entered a Gauntlet
 15592 | Gauntlet | Found a transporter.
 15592 | Gauntlet | Found a transporter.
 15592 | Gauntlet | Found a transporter.
 15598 | Gauntlet | Found a transporter.
 15598 | Gauntlet | Found a transporter.
 15599 | Gauntlet | Found a transporter.
 15608 | Gauntlet | Found a transporter.
 15612 | Gauntlet | Found a transporter.
 15614 | Gauntlet | Noticed a death scarab
 15617 | Gauntlet | Noticed a spectral death yak
 15622 | Gauntlet | Noticed a death scarab
 15623 | Gauntlet | Noticed a quicksilver ooze
 15627 | Gauntlet | Found a transporter.
 15724 | Gauntlet | Found a transporter.
 15728 | Gauntlet | Found a transporter.
 15742 | Gauntlet | Found a transporter.
 16126 | Gauntlet | Identified the ring of Zumi Ups {Ice Fly rElec SInv}
 16230 | Gauntlet | Identified the +5 war axe of Rubbish {vorpal, Str+3 Int+3}
 16230 | Gauntlet | Noticed a minotaur
 16239 | Gauntlet | HP: 15/67 [minotaur/silver javelin (25)]
 16248 | Gauntlet | Killed a minotaur
 16249 | Gauntlet | Reached skill level 5 in Armour
 16249 | Gauntlet | Reached skill level 8 in Earth Magic
 16367 | Gauntlet | Identified the +1 robe "Fouth" {Rampage Dex+3}
 16369 | Gauntlet | Identified the +5 kite shield "Bylisuc" {rPois rC- Regen+
                  | Slay+5}
 16370 | Gauntlet | Got the Papyrus of the Compass
 16374 | Gauntlet | Got Byrion's Guide on Transformation and Translocation
 17336 | Lair:2   | Noticed a four-headed hydra
 17343 | Lair:2   | Killed a four-headed hydra
 17344 | Lair:2   | Reached XP level 12. HP: 73/73 MP: 20/22
 17437 | Lair:2   | Noticed a death yak
 17437 | Lair:2   | Noticed a death yak
 17438 | Lair:2   | Noticed a death yak
 17442 | Lair:2   | Killed a death yak
 17442 | Lair:2   | Killed a death yak
 17446 | Lair:2   | Killed a death yak
 18339 | Lair:2   | Found a hole to the Spider Nest.
 18384 | Lair:2   | Noticed a boulder beetle
 18392 | Lair:2   | Killed a boulder beetle
 18533 | Lair:2   | Reached skill level 5 in Shields
 18840 | Lair:3   | Noticed a death yak
 18851 | Lair:3   | Noticed a death yak
 18853 | Lair:3   | Noticed a death yak
 18855 | Lair:2   | Killed a death yak
 18925 | Lair:3   | Noticed Gastronok
 18939 | Lair:2   | Reached skill level 9 in Earth Magic
 19118 | Lair:3   | Killed Gastronok
 19443 | Lair:3   | Killed a death yak
 19445 | Lair:3   | Killed a death yak
 19446 | Lair:3   | Reached XP level 13. HP: 80/80 MP: 2/24
 20397 | Lair:4   | Reached ***** piety under Vehumet
 20434 | Lair:4   | Offered knowledge of Freezing Cloud by Vehumet.
 20455 | Lair:3   | Learned a level 5 spell: Freezing Cloud
 20824 | Lair:4   | Reached skill level 1 in Conjurations
 20917 | Lair:3   | Reached skill level 1 in Ice Magic
 21076 | Lair:4   | Reached skill level 10 in Earth Magic
 21724 | Lair:4   | Found a staircase to the Shoals.
 22372 | Lair:5   | Noticed Nessos
 22734 | Lair:5   | Reached skill level 10 in Poison Magic
 23216 | Lair:6   | Entered Level 6 of the Lair of Beasts
 23220 | Lair:6   | Reached skill level 10 in Fighting
 23335 | Lair:6   | Gained mutation: Your large and strong wings let you fly.
                  | [Gargoyle growth]
 23335 | Lair:6   | Reached XP level 14. HP: 87/88 MP: 19/26
 23391 | Lair:5   | Learned a level 6 spell: Iron Shot
 23860 | Lair:6   | Found a staircase to the Slime Pits.
 24382 | Lair:6   | Reached skill level 5 in Conjurations
 25324 | Lair:6   | Reached skill level 1 in Transmutations
 26135 | Lair:6   | Reached skill level 5 in Ice Magic
 26135 | Lair:6   | Reached skill level 1 in Evocations
 26577 | Lair:6   | Found a corrupted altar of Lugonu.
 26577 | Lair:6   | Found a one-way gate to the infinite horrors of the Abyss.
 27068 | D:10     | Offered knowledge of Sticky Flame by Vehumet.
 27191 | D:10     | HP: 14/88 [eight-headed hydra (12)]
 28359 | D:10     | Found a staircase to the Orcish Mines.
 28485 | Orc:1    | Entered Level 1 of the Orcish Mines
 28529 | Orc:1    | Reached skill level 11 in Earth Magic
 28632 | Orc:1    | Found a frozen archway.
 28726 | IceCv    | Entered an ice cave
 28857 | IceCv    | Found a transporter.
 28864 | IceCv    | Found a transporter.
 29412 | Orc:2    | Entered Level 2 of the Orcish Mines
 29518 | Orc:2    | Reached XP level 15. HP: 85/94 MP: 25/27
 29857 | Orc:2    | Reached ****** piety under Vehumet
 30868 | Orc:2    | Offered knowledge of Lightning Bolt by Vehumet.
 31021 | Orc:2    | Found a staircase to the Elven Halls.
 31687 | Orc:2    | Noticed an orc warlord
 31940 | Orc:2    | Killed an orc warlord
 32340 | Orc:2    | Found Evvemm's Magic Scroll Shop.
 32413 | Orc:2    | Found Tele's Weapon Emporium.
 32795 | Orc:2    | Found Totu Ubb's Antique Armour Boutique.
 33100 | Orc:2    | Found Kuzypr Ewkih's Assorted Antiques.
 33111 | Orc:2    | Bought a potion of heal wounds for 170 gold pieces
 33111 | Orc:2    | Bought a potion of heal wounds for 170 gold pieces
 33220 | Orc:2    | Bought a scroll of blinking for 105 gold pieces
 33220 | Orc:2    | Bought a scroll of teleportation for 42 gold pieces
 33369 | D:11     | Noticed Nergalle
 33678 | D:11     | Killed Nergalle
 35484 | D:12     | Noticed Fannar
 35494 | D:12     | Killed Fannar
 35790 | D:12     | Reached skill level 10 in Shields
 36049 | D:12     | Offered knowledge of Spellforged Servitor by Vehumet.
 37345 | D:12     | Reached skill level 12 in Earth Magic
 37969 | D:13     | Found a portal to a secret trove of treasure.
 38737 | D:13     | Found the +3 pair of seven-league boots {Rampage+∞}
 39303 | D:13     | Reached XP level 16. HP: 101/101 MP: 26/29
 39586 | D:13     | Found a gate to the Vaults.
 39745 | D:13     | Learned a level 7 spell: Spellforged Servitor
 39911 | D:14     | Found a blossoming altar of Fedhas.
 39992 | D:14     | Noticed Agnes
 40000 | D:14     | Killed Agnes
 41945 | D:14     | Found a blossoming altar of Fedhas.
 42441 | D:15     | Entered Level 15 of the Dungeon
 42725 | D:15     | Offered knowledge of Iskenderun's Battlesphere by Vehumet.
 43073 | D:14     | HP: 3/101 [white ugly thing (34)]
 45779 | D:15     | Found a staircase to the Depths.
 45946 | Spider:1 | Entered Level 1 of the Spider Nest
 46020 | Spider:1 | Reached skill level 10 in Spellcasting
 47068 | Spider:2 | Reached skill level 13 in Earth Magic
 47318 | Spider:2 | Offered knowledge of Lee's Rapid Deconstruction by Vehumet.
 47970 | Spider:3 | Reached XP level 17. HP: 108/108 MP: 18/31
 48752 | Spider:3 | Noticed Louise
 48757 | Spider:3 | Cast into level 3 of the Abyss (Louise)
 49252 | Abyss:3  | Found a corrupted altar of Lugonu.
 49256 | Abyss:3  | Noticed a tentacled starspawn
 49447 | Spider:3 | Escaped the Abyss
 49456 | Spider:3 | Killed Louise
 49898 | Spider:3 | Noticed Arachne
 49922 | Spider:3 | Killed Arachne
 50558 | Spider:3 | Noticed Asterion
 50653 | Spider:3 | Killed Asterion
 51014 | Spider:4 | Entered Level 4 of the Spider Nest
 51324 | Spider:2 | HP: 24/109 [demonic crawler (9)]
 52016 | Spider:4 | Reached skill level 10 in Conjurations
 52342 | Spider:4 | Offered knowledge of Ozocubu's Refrigeration by Vehumet.
 53892 | Spider:4 | Reached skill level 14 in Earth Magic
 54429 | Spider:4 | Reached skill level 10 in Summonings
 55299 | Spider:4 | Identified the +2 hat of Polish {-Tele rC+ rN+ Str+8}
 55361 | Spider:4 | Got a gossamer rune of Zot
 55656 | Shoals:1 | Entered Level 1 of the Shoals
 55677 | Shoals:1 | Reached XP level 18. HP: 98/116 MP: 26/33
 56587 | Shoals:1 | Found Fasosef's General Store.
 57410 | Shoals:1 | Offered knowledge of Shatter by Vehumet.
 57410 | Shoals:1 | Offered knowledge of Chain Lightning by Vehumet.
 57410 | Shoals:1 | Offered knowledge of Maxwell's Capacitive Coupling by
                  | Vehumet.
 58533 | Shoals:2 | You are sucked into a shaft and drop 1 floor!
 58585 | Shoals:3 | HP: 27/116 [merfolk javelineer/silver javelin (11)]
 61224 | Shoals:4 | Entered Level 4 of the Shoals
 62231 | Shoals:4 | Identified the +12 quarterstaff of Ippaitso {drain, Str+2}
 62394 | Shoals:4 | Reached XP level 19. HP: 122/122 MP: 24/35
 63202 | Shoals:4 | Got a barnacled rune of Zot
 63908 | D:13     | You paid a toll of a +7 demon trident to enter a treasure
                  | trove
 63909 | Trove    | Entered a treasure trove
 63917 | Trove    | Identified the +3 ring mail "Gycs" {rF+++ MP-9 Str-5 Int+8}
 63920 | Trove    | Identified the +12 gold dragon scales of the Baker {rPois
                  | rF+ rC+ Slay+3}
 63932 | Trove    | Identified the +8 arbalest of Soull {venom, Drain +Blink
                  | rCorr Dex+7}
 63936 | Trove    | Identified the +3 arbalest of Ziuler {freeze, Fly Str+9}
 64007 | Vaults:1 | Entered Level 1 of the Vaults
 64271 | Vaults:1 | Found a magical portal.
 64285 | WizLab   | Entered Maxwell's Workshop
 64967 | WizLab   | Found the +15 Maxwell's patent armour {-Cast -Tele rElec
                  | Will+ rCorr}
 65018 | WizLab   | Reached skill level 15 in Earth Magic
 66083 | WizLab   | Noticed an electric golem
 66253 | WizLab   | HP: 30/123 [electric golem (7)]
 66597 | WizLab   | Killed an electric golem
 66794 | WizLab   | Identified the +7 war axe of the Poles {vorpal, Int+4}
 66948 | Vaults:1 | Reached skill level 15 in Fighting
 67770 | Vaults:1 | Reached skill level 10 in Armour
 68699 | Vaults:1 | Reached XP level 20. HP: 113/129 MP: 36/36
 69617 | Vaults:2 | Found Jappish's Magic Scroll Shop.
 69621 | Vaults:2 | Bought a scroll of magic mapping for 63 gold pieces
 69621 | Vaults:2 | Bought a scroll of teleportation for 54 gold pieces
 69621 | Vaults:2 | Bought 2 scrolls of amnesia for 126 gold pieces
 69627 | Vaults:2 | Learned a level 5 spell: Irradiate
 70357 | Vaults:2 | Found a staircase to the Crypt.
 72041 | Vaults:2 | Identified the +8 trident "Hydraslayer" {vamp, +Blink rN+
                  | SInv Stlth+}
 73243 | Vaults:3 | Reached skill level 16 in Earth Magic
 73682 | Vaults:3 | Reached skill level 15 in Shields
 73930 | Vaults:3 | Reached skill level 5 in Transmutations
 74724 | Vaults:3 | Reached XP level 21. HP: 136/136 MP: 28/38
 75476 | Vaults:3 | Noticed Nikola
 75483 | Vaults:3 | Killed Nikola
 76375 | Vaults:4 | Noticed Margery
 76386 | Vaults:4 | HP: 26/136 [Margery/bolt of fire (17)]
 76838 | Vaults:3 | Killed Margery
 79101 | Vaults:4 | Found Zunutuih's Magic Scroll Emporium.
 79108 | Vaults:4 | Bought a scroll of teleportation for 36 gold pieces
 79108 | Vaults:4 | Bought a scroll of blinking for 90 gold pieces
 79696 | Vaults:4 | Got the Reference Book on the Escort
 80607 | Elf:1    | Entered Level 1 of the Elven Halls
 81945 | Elf:2    | Got Coulur's Disquisition on Evil Dislocation
 82186 | Elf:2    | Reached skill level 17 in Earth Magic
 82281 | Elf:2    | Reached XP level 22. HP: 144/144 MP: 39/39
 82386 | Elf:2    | Found Porutheg's Assorted Antiques.
 82396 | Elf:2    | Bought a scroll of teleportation for 81 gold pieces
 82396 | Elf:2    | Bought a scroll of magic mapping for 94 gold pieces
 82396 | Elf:2    | Bought a scroll of teleportation for 81 gold pieces
 82396 | Elf:2    | Bought a steaming ring mail for 243 gold pieces
 82396 | Elf:2    | Identified the +0 ring mail of Narcissism {rCorr Str+6
                  | Int+4 Dex-4} (You bought it in a shop on level 2 of the
                  | Elven Halls)
 82504 | Elf:2    | Found a runed translucent gate.
 82505 | Elf:2    | Found a runed translucent gate.
 82505 | Elf:2    | Found a runed translucent gate.
 82751 | Elf:3    | Entered Level 3 of the Elven Halls
 82760 | Elf:3    | Found Mump's Antique Weapon Emporium.
 82923 | Elf:3    | Found Cif Hed's Antique Weapon Emporium.
 83207 | Elf:3    | Paralysed by an air elemental for 1 turns
 83607 | Elf:3    | Found an ancient bone altar of Kikubaaqudgha.
 83612 | Elf:3    | Identified the +1 leather armour "Cijog" {Rampage rElec
                  | Int+4 Stlth-}
 83922 | Elf:3    | Paralysed by an air elemental for 1 turns
 83925 | Elf:3    | Paralysed by an air elemental for 1 turns
 84031 | Elf:3    | Learned a level 9 spell: Shatter
 84370 | Elf:3    | Identified the +2 robe of Freedom {Dex+3}
 84469 | Elf:3    | Identified the ring "Molaadip" {Fire Stlth+}
 84605 | Elf:3    | Identified the amulet of Bakanadutz {Acrobat *Slow Regen+
                  | Int+3}
 84615 | Elf:3    | Identified the ring of Charity {rC+ MP+9 Int+2}
 84617 | Elf:3    | HP: 31/144 [deep elf annihilator/crystal spear (23)]
 84917 | Elf:3    | Reached skill level 15 in Conjurations
 85240 | Elf:3    | Identified the amulet of Wemukhlich {Reflect rF+ SH+5}
 85275 | Elf:3    | Identified the +8 short sword of Animal Spirits {spect,
                  | rPois rF- rC+ Will+}
 86013 | Elf:3    | Found the +10 Black Knight's barding {ponderous, rPois rN+}
 86027 | Elf:3    | Identified the +7 hand crossbow "Weuqecipn" {penet, Str+4}
 86031 | Elf:3    | Identified the +10 hunting sling of Fedhas's Fury {speed,
                  | rN+ Str-3 Dex+7 Stlth+}
 86581 | Crypt:1  | Entered Level 1 of the Crypt
 87096 | Crypt:1  | Noticed Khufu
 87200 | Vaults:2 | Killed Khufu
 89119 | Crypt:2  | Noticed Xtahua
 89124 | Crypt:2  | Killed Xtahua
 89386 | Crypt:2  | Found a runed translucent door.
 89387 | Crypt:2  | Noticed protoss039's ghost (adept DsEE)
 89725 | Crypt:2  | Killed protoss039's ghost
 89731 | Crypt:2  | Identified the amulet of Ittox {Rampage rF- Regen+ Stlth+}
 89734 | Crypt:2  | Identified the amulet "Fihobb" {Acrobat Stlth+}
 90070 | Crypt:2  | Reached skill level 18 in Earth Magic
 90511 | Crypt:2  | Reached XP level 23. HP: 150/150 MP: 38/41
 92384 | Crypt:3  | Entered Level 3 of the Crypt
 93096 | Crypt:3  | Reached skill level 15 in Spellcasting
 93797 | Crypt:3  | Noticed Boris
 94302 | Crypt:2  | Killed Boris
 94388 | Crypt:3  | Reached skill level 19 in Earth Magic
 94733 | Crypt:3  | Found a staircase to the Tomb.
 94784 | Crypt:3  | Noticed a curse toe
 95012 | Crypt:2  | Killed a curse toe
 95579 | Crypt:3  | Found a basalt altar of Yredelemnul.
 95664 | Crypt:3  | Found an ancient bone altar of Kikubaaqudgha.
 96001 | Depths:1 | Entered Level 1 of the Depths
 96797 | Depths:1 | Found Onaeneur's Jewellery Shoppe.
 96799 | Depths:1 | Found Seocemp's Book Boutique.
 96803 | Depths:1 | Found Yquni's Book Boutique.
 96809 | Depths:1 | Bought a book of Blasting for 608 gold pieces
 96809 | Depths:1 | Bought a book of the Earth for 684 gold pieces
 96819 | Depths:1 | Learned a level 5 spell: Lee's Rapid Deconstruction
 97219 | Depths:1 | Found a glowing golden altar of the Shining One.
 97233 | Depths:1 | Found a burning altar of Makhleb.
 97246 | Depths:1 | Found a one-way gateway to a ziggurat.
 97704 | Depths:1 | Found a stormy altar of Qazlal.
 97918 | Depths:1 | Found a gateway to Hell.
 98024 | Depths:1 | Reached XP level 24. HP: 159/159 MP: 40/43
 98439 | Depths:2 | Noticed Aizul
 98607 | Depths:2 | Killed Aizul
 99272 | Depths:2 | Reached skill level 20 in Earth Magic
 99590 | Depths:2 | Found a one-way gate leading to the halls of Pandemonium.
 99640 | Depths:2 | Found a white marble altar of Elyvilon.
100594 | Depths:2 | Found a burning altar of Makhleb.
100602 | Depths:2 | Found the +9 staff of Wucad Mu {*channel}
100605 | Depths:2 | Identified the +11 flail of Radicalism {flame, Will+}
100917 | Depths:2 | Identified the +1 short sword of the Evil Eye {antimagic,
                  | Will+ Str+5}
100927 | Depths:2 | You are sucked into a shaft and drop 2 floors!
100927 | Depths:4 | Entered Level 4 of the Depths
101240 | Depths:2 | Identified the +6 fustibalus of the Median {freeze, rN+}
103531 | Depths:3 | Learned a level 5 spell: Borgnjor's Vile Clutch
103723 | Depths:4 | Noticed a juggernaut
103723 | Depths:4 | Noticed a juggernaut
103725 | Depths:4 | Identified the ring "Ysiuloow" {EV+4 Str+7 Dex-2 Stlth+}
103726 | Depths:4 | Killed a juggernaut
103726 | Depths:4 | Killed a juggernaut
103727 | Depths:4 | Reached skill level 1 in Necromancy
104288 | Depths:4 | Reached skill level 21 in Earth Magic
104288 | Depths:4 | Reached XP level 25. HP: 166/166 MP: 34/43
104714 | Depths:4 | Found a gate to the Realm of Zot.
106652 | Vaults:5 | Entered Level 5 of the Vaults
106656 | Vaults:5 | Noticed Boris
106802 | Vaults:5 | Killed Boris
106917 | Vaults:5 | Reached skill level 15 in Armour
107044 | Vaults:5 | Noticed a dread lich
107046 | Vaults:5 | Killed a dread lich
107047 | Vaults:5 | Reached skill level 5 in Necromancy
107211 | Vaults:5 | Reached skill level 22 in Earth Magic
107215 | Vaults:5 | Reached XP level 26. HP: 175/175 MP: 7/44
107227 | Vaults:4 | Learned a level 8 spell: Summon Horrible Things
108296 | Vaults:5 | Noticed a dread lich
108299 | Vaults:5 | Killed a dread lich
108793 | Vaults:5 | Found Bykhlutod's Distillery.
108797 | Vaults:5 | Bought a potion of haste for 130 gold pieces
108797 | Vaults:5 | Bought a potion of brilliance for 52 gold pieces
108797 | Vaults:5 | Bought a potion of magic for 104 gold pieces
108797 | Vaults:5 | Bought a potion of heal wounds for 65 gold pieces
108797 | Vaults:5 | Bought a potion of brilliance for 52 gold pieces
108807 | Vaults:5 | Found Toufutin's Antique Weapon Shop.
108918 | Vaults:5 | Identified the amulet "Fuwy" {Spirit rF+ Str+3 SInv}
109036 | Vaults:5 | Found Qymero's Armour Boutique.
109045 | Vaults:5 | Got a silver rune of Zot
109128 | Vaults:5 | Found Neumixki's Magic Scroll Shop.
109133 | Vaults:5 | Bought a scroll of summoning for 142 gold pieces
109133 | Vaults:5 | Bought a scroll of teleportation for 45 gold pieces
109133 | Vaults:5 | Bought a scroll of summoning for 142 gold pieces
109162 | Vaults:5 | Found Tilicvubra's Antique Weapon Shoppe.
109170 | Vaults:5 | Found Gauginog's Distillery.
109175 | Vaults:5 | Bought a potion of brilliance for 56 gold pieces
109759 | Vaults:5 | Bought a potion of mutation for 112 gold pieces
109759 | Vaults:5 | Bought a potion of resistance for 140 gold pieces
109759 | Vaults:5 | Bought a potion of resistance for 140 gold pieces
110876 | Zot:1    | Entered Level 1 of the Realm of Zot
111393 | Zot:1    | Identified a scroll of acquirement
111518 | Zot:1    | Acquired a book of Spectacle
111527 | Zot:1    | Learned a level 4 spell: Iskenderun's Mystic Blast
114375 | Zot:2    | You are sucked into a shaft and drop 2 floors!
114953 | Zot:2    | Reached skill level 15 in Summonings
115170 | Zot:2    | Reached skill level 23 in Earth Magic
117550 | Zot:4    | Reached XP level 27. HP: 184/184 MP: 17/45
119998 | Elf:2    | Bought a pair of glowing boots for 202 gold pieces
119999 | Elf:2    | Bought a scroll of enchant armour for 202 gold pieces
120353 | Vaults:5 | Bought a scroll of enchant armour for 112 gold pieces
120353 | Vaults:5 | Bought a scroll of enchant armour for 112 gold pieces
120703 | Zot:5    | Entered Level 5 of the Realm of Zot
121576 | Zot:5    | Reached skill level 24 in Earth Magic
121920 | Zot:5    | Noticed a dread lich
121922 | Zot:5    | Killed a dread lich
122105 | Zot:5    | Noticed an orb of fire
122335 | Zot:5    | Killed an orb of fire
122563 | Zot:5    | Noticed an orb of fire
122564 | Zot:5    | Gained mutation: You are occasionally teleported next to
                  | monsters. [an orb of fire]
122565 | Zot:5    | Lost mutation: You are occasionally teleported next to
                  | monsters. [potion of mutation]
122565 | Zot:5    | Gained mutation: Your magical capacity is low. (-10% MP)
                  | [potion of mutation]
122565 | Zot:5    | Gained mutation: Your mind is acute. (Int +2) [potion of
                  | mutation]
122565 | Zot:5    | Gained mutation: A frigid envelope surrounds you and
                  | freezes all who hurt you. [potion of mutation]
122565 | Zot:5    | Gained mutation: Your muscles are strong. (Str +2) [potion
                  | of mutation]
122579 | Zot:5    | Killed an orb of fire
122989 | Zot:5    | Noticed an orb of fire
123275 | Zot:5    | Acquired 487 gold pieces
123445 | Zot:5    | Noticed an orb of fire
123461 | Zot:5    | Killed an orb of fire
123475 | Zot:5    | Noticed an orb of fire
123680 | Zot:5    | Gained mutation: You occasionally shout uncontrollably at
                  | your foes. [an orb of fire]
123681 | Zot:5    | Gained mutation: Your spells are a little easier to cast,
                  | but a little less powerful. [an orb of fire]
123688 | Zot:5    | Gained mutation: Armour fits poorly on your strangely
                  | shaped body. [an orb of fire]
123968 | Zot:5    | Killed an orb of fire
124217 | Zot:5    | Noticed an orb of fire
124225 | Zot:5    | Killed an orb of fire
124669 | Zot:5    | Noticed an orb of fire
124672 | Zot:5    | Lost mutation: Your muscles are strong. (Str +2) [an orb of
                  | fire]
124683 | Zot:5    | Killed an orb of fire
125293 | Zot:5    | Noticed an orb of fire
125294 | Zot:5    | Gained mutation: Your body sometimes deteriorates upon
                  | taking damage. [an orb of fire]
125303 | Zot:5    | Killed an orb of fire
125303 | Zot:5    | Noticed an orb of fire
125546 | Zot:5    | Killed an orb of fire
125549 | Zot:5    | Killed an orb of fire
126107 | Zot:5    | Noticed an ancient lich
126109 | Zot:5    | Killed an ancient lich
126219 | Zot:5    | Reached skill level 25 in Earth Magic
127828 | Zot:5    | Got the Orb of Zot
128032 | D:11     | Noticed Jolab the pandemonium lord
128258 | D:$      | Escaped with the Orb!

Illustrated notes

Levels and vault maps discovered:
D:1:      dpeg_arrival_boxorama, layout_basic, basic_ecumenical_altar
D:2:      layout_rooms, minivault_24, minmay_split_cup_large
D:3:      layout_basic
D:4:      gammafunk_steamed_eel, layout_basic, kennysheep_slug_shrine,
          minmay_temple_entry_statues_pillars, chequers_serial_rivers_large_a,
          minmay_manual_monolith, uniq_duvessa
D:5:      layout_basic, kennysheep_boxes, uniq_ijyb
D:6:      layout_gridville, uniq_menkaure
D:7:      layout_rooms, minmay_misc_feat_room, minmay_ruffians, uniq_joseph
D:8:      layout_basic, enter_ossuary_2
D:9:      layout_cross, david_lair_generic
D:10:     layout_loops_ring, hiddenorc1_lemuel, st_stairs_2
D:11:     layout_rooms, uniq_nergalle
D:12:     minmay_polygon_palace, layout_basic, uniq_fannar
D:13:     layout_loops_ring, david_vaults_4, nicolae_trove_entry_crossroad,
          ebering_dispersal_statue_hall, nicolae_underground_beach
D:14:     layout_basic, chequers_hall_statues_corner_a, fedhas_altar_1,
          uniq_agnes
D:15:     gammafunk_enter_depths_forms, layout_cave_pods, minmay_orc_keep
Temple:   regret_index_temple_sigil_plot
Lair:1:   layout_regular_city, gauntlet_entry_generic,
          grunt_forest_large_clearings, lemuel_fruit_fields, lemuel_fruit_fields
Lair:2:   layout_cave_pods, spider_nest_entry_funnel_web,
          grunt_forest_stairs_clearing, infiniplex_staircase_pool_2,
          lemuel_fruit_tree
Lair:3:   layout_hall_layers, nicolae_quartered_pool_little, uniq_gastronok
Lair:4:   minmay_lair_venomous_thicket, layout_regular_city,
          minmay_shoals_entry_lonely_mermaid, chequers_serial_rivers_room_a,
          lemuel_fruit_fields, infiniplex_staircase_pool, serial_bayou_shore_a
Lair:5:   layout_gridlike, minmay_hedge_maze, chequers_serial_rivers_room_a,
          uniq_nessos
Lair:6:   hellmonk_lair_end_abyssal_woods, layout_concentric_octagons,
          minmay_slime_entry_pillars
Shoals:1: layout_shoals, serial_shops, nicolae_shop_advertising_works
          [nicolae_subvault_shop_adworks], nicolae_shoals_pincushion_passage
Shoals:2: layout_shoals, abandoned_shop
Shoals:3: layout_shoals
Shoals:4: shoals_end_hellmonk_lost_city, serial_shops
Spider:1: layout_spider_delve
Spider:2: layout_spider_delve, nicolae_spider_cling_halls
Spider:3: layout_spider_delve, uniq_arachne, uniq_asterion, uniq_louise
Spider:4: guppyfry_spider_rune
Orc:1:    layout_diamond_mine, portal_ice_cave_entry_imps, mines_bat_river
Orc:2:    pubby_orc_utopia, serial_shops
Elf:1:    layout_geoelf_diagonals, serial_corexii_hall,
          chequers_hall_statues_corner_a, corexii_hall_statues_x,
          hangedman_elf_represent
Elf:2:    nicolae_elf_blades_crystal_corner, layout_geoelf_octagon,
          serial_shops, shop, nrook_loot_triangle
Elf:3:    elf_hall, layout_rooms, basic_altar, minmay_shop_star
Vaults:1: mu_enter_wizlab_5, nicolae_vaults_back_hallway,
          vaults_dpeg_encased_lava, nicolae_vaults_inception_scallops,
          v_misc_30, v_misc_18, v_misc_24, nicolae_vaults_big_ls,
          ontoclasm_vaults_ring_small, vaults_room_door_hall,
          vaults_room_hallway, layout_vaults_ring
Vaults:2: v_misc_1, dpeg_vaults_monster_row, vaults_dpeg_diagonal,
          nicolae_vaults_theta, hangedman_vaults_river_flow,
          minmay_crypt_entry_simple_plaza, nicolae_vaults_asterisk,
          hangedman_vaults_nails, vaults_mumra_minichess, v_misc_27,
          nicolae_vaults_little_squares_4, layout_vaults_chaotic_city,
          serial_shops, shop
Vaults:3: v_misc_30, v_misc_28, ontoclasm_vaults_misaligned, st_cross,
          vaults_dpeg_hooks, layout_vaults_omnigrid, uniq_nikola
Vaults:4: nicolae_vaults_big_angled_halls, nicolae_vaults_specimen_jars,
          v_misc_31, nicolae_vaults_little_squares_4, v_misc_10,
          nicolae_vaults_ring_of_whatevers, v_pattern_3,
          nicolae_vaults_rhombus_7, vaults_dpeg_cross,
          nicolae_vaults_know_your_exits, v_rooms_4, nicolae_vaults_asterisk,
          ontoclasm_vaults_gateway, nicolae_vaults_asterisk,
          vaults_room_hallway, layout_vaults_maze_snakey,
          serial_hangedman_research, hangedman_research_convocations,
          serial_shops, nicolae_shop_temple_entry_statues_fountains,
          uniq_margery
Vaults:5
Crypt:1:  layout_misc_corridors, serial_sigils, serial_sigils_hangedman_shear,
          serial_sigils_hangedman_etch, serial_sigils_hangedman_gut,
          serial_sigils_hangedman_confine, serial_sigils_hangedman_clutch,
          serial_sigils_hangedman_gut, uniq_khufu
Crypt:2:  layout_catacombs, ebering_ghost_reflecting_pool, grunt_megastairs_4,
          uniq_xtahua
Crypt:3:  lightli_unholy_cathedral, layout_chaotic_city, grunt_ministairs_15,
          minmay_strange_pillars, uniq_boris
Depths:1: layout_forbidden_donut, enter_ziggurat_f,
          nicolae_qazlal_general_emergency, pf_vacation_house_of_asmodeus,
          nrook_pool_corridor, small_chamber_with_monster, nzn_life_drinkers,
          minmay_shop_grove, grunt_megastairs_1
Depths:2: evilmike_makhleb_hellhole, layout_gridlike, elyvilon_altar_5,
          rand_demon_pan_entry_8, grunt_metal_band, uniq_aizul
Depths:3: nicolae_whirlpool, layout_cave_shapes,
          nicolae_abyss_entry_one_way_or_another, grunt_decor_clamped,
          grunt_hell_entry_dis_mu, minmay_fractal_squares_gapless_7,
          minmay_staircase_statues_hall_small
Depths:4: grunt_zot_entry_pinwheel, layout_honeycomb, rand_demon_pan_entry_9,
          hangedman_coc_ice_floe, columned_hall_lemuel
Zot:1:    layout_cathedral_of_symmetry
Zot:2:    layout_cathedral_of_symmetry
Zot:3:    layout_misc_corridors
Zot:4:    layout_misc_corridors
Zot:5:    layout_gridlike

Skill      XL: |  1  2  3  4  5  6  7  8  9 10 11 12 13 14 15 16 17 18 19 20 21 22 23 24 25 26 27 |
---------------+----------------------------------------------------------------------------------+-----
Fighting       | 1 2 3 4 6 7 9 10 11 12 13 14 15 16 17 18 19 20 21 23 | 23.4
Summonings     | 4 5 6 7 8 9 10 11 12 13 14 15 17 | 17.3
Spellcasting   | 3 4 5 6 7 8 9 10 11 12 13 14 16 17 18 | 18.0
Shields        | 1 2 3 4 5 7 9 10 11 12 13 14 15 | 15.0
Poison Magic   | 1 2 4 6 8 10 | 10.0
Air Magic      | 1 4 5 6 7 8 |  8.0
Earth Magic    | 3 6 8 9 10 11 12 13 14 15 16 17 18 19 21 22 23 25 | 25.1
Armour         | 3 5 6 8 10 11 12 14 15 16 | 16.0
Fire Magic     | 3 4 |  4.0
Conjurations   | 3 6 7 9 10 11 12 13 14 15 16 17 | 17.1
Ice Magic      | 3 5 6 8 |  8.0
Transmutations | 2 4 5 6 8 |  8.0
Evocations     | 2 4 |  4.0
Necromancy     | 2 5 6 |  6.0
Dodging        | |  1.5
Stealth        | |  2.1

Action                   |  1- 3 |  4- 6 |  7- 9 | 10-12 | 13-15 | 16-18 | 19-21 | 22-24 | 25-27 || total
-------------------------+-------+-------+-------+-------+-------+-------+-------+-------+-------++-------
Melee: Hand axe          |    13 |       |       |       |       |       |       |       |       ||    13
       Dagger            |   101 |   103 |       |       |       |       |       |       |       ||   204
       Punch             |       |     3 |       |       |       |       |       |       |       ||     3
       Whip              |       |   115 |       |       |       |       |       |       |       ||   115
       Spear             |       |     8 |   198 |   282 |   306 |     6 |       |       |       ||   800
       Staff             |       |       |       |       |    15 |    24 |    28 |    11 |    16 ||    94
       War axe           |       |       |       |       |       |     5 |    22 |     1 |    10 ||    38
 Fire: Hunting sling     |       |     7 |       |       |       |       |       |       |       ||     7
 Cast: Summon Small Mamm |     6 |    14 |     4 |       |       |       |     1 |     2 |       ||    27
       Call Imp          |     5 |    16 |    13 |       |       |       |       |       |       ||    34
       Call Canine Famil |     1 |     1 |     8 |     1 |     1 |       |       |       |       ||    12
       Poisonous Vapours |       |     2 |    16 |    38 |    97 |   220 |   112 |    58 |    10 ||   553
       Summon Lightning  |       |       |    12 |    40 |    17 |    17 |     1 |       |       ||    87
       Sandblast         |       |       |     2 |     9 |    72 |    91 |    86 |    11 |       ||   271
       Ignite Poison     |       |       |       |    21 |   115 |   206 |   138 |    46 |    13 ||   539
       Olgreb's Toxic Ra |       |       |       |    23 |   127 |   161 |   169 |    42 |    15 ||   537
       Freezing Cloud    |       |       |       |       |    11 |     6 |     6 |       |       ||    23
       Iron Shot         |       |       |       |       |   126 |   190 |   243 |   307 |   197 ||  1063
       Spellforged Servi |       |       |       |       |       |       |    16 |    24 |    10 ||    50
       Irradiate         |       |       |       |       |       |       |     4 |    42 |    20 ||    66
       Shatter           |       |       |       |       |       |       |       |   160 |   300 ||   460
       Borgnjor's Vile C |       |       |       |       |       |       |       |       |    11 ||    11
       Iskenderun's Myst |       |       |       |       |       |       |       |       |     4 ||     4
       Summon Horrible T |       |       |       |       |       |       |       |       |     8 ||     8
Evoke: Wand              |       |       |     3 |     8 |       |     5 |       |     1 |     4 ||    21
       Condenser vane    |       |       |       |       |       |       |     1 |       |       ||     1
  Use: Scroll            |     3 |     6 |     3 |    16 |     8 |    12 |     6 |     3 |    20 ||    77
       Potion            |       |       |       |     3 |       |     7 |     4 |     2 |     7 ||    23
 Stab: Sleeping          |     2 |     2 |     4 |     1 |       |       |       |       |       ||     9
       Distracted        |       |       |     5 |     3 |       |       |       |       |       ||     8
Armor: Robe              |    44 |    82 |    96 |    59 |    35 |   118 |   232 |   168 |    48 ||   882
       Ring mail         |       |       |       |    34 |       |       |       |       |   139 ||   173
       Steam dragon scal |       |       |       |    34 |   201 |   144 |       |       |       ||   379
Dodge: Dodged            |    54 |   124 |    81 |   161 |   242 |   170 |   123 |   142 |   126 ||  1223
Block: Buckler           |       |       |    47 |    88 |   194 |     2 |       |       |       ||   331
       Kite shield       |       |       |       |       |       |   396 |   360 |   220 |   159 ||  1135
       Reflection        |       |       |       |       |       |    31 |    62 |    14 |       ||   107
